 Dungeon Crawl Stone Soup version 0.17.1-1-g73c8601 (webtiles) character file.

4740 zxpr0jk the Frost Mage (level 10, -7/69 HPs)
             Began as a Yellow Draconian Ice Elementalist on Mar 27, 2016.
             Was a Follower of Ru.
             Mangled by a troll (12 damage)
             ... on level 9 of the Dungeon.
             The game lasted 00:40:14 (9101 turns).

zxpr0jk the Frost Mage (DrIE)                       Turns: 9101, Time: 00:40:14

Health: -7/69      AC: 11    Str: 15    XL:     10   Next: 22%
Magic:  11/20      EV: 11    Int: 18    God:    Ru [*.....]
Gold:   517        SH:  0    Dex: 10    Spells: 4 memorised, 14 levels left

rFire  . . .     SeeInvis .     P - +0 spear (venom)
rCold  . . .     Clarity  .     (armour unavailable)
rNeg   . . .     SustAt   .     (no shield)
rPois  .         Gourm    .     u - +2 hat
rElec  .         Spirit   .     l - +0 cloak
rCorr  +         Warding  .     g - +0 pair of gloves
rMut   .         Stasis   .     (no boots)
MR     .....                    (no amulet)
Stlth  +.........               o - +4 ring of strength
                                K - +2 ring of intelligence

@: lethally poisoned (-7 -> -8), very slightly contaminated, slowed, heavily
drained, invisible, very slow, not resistant to hostile enchantments, very
unstealthy
A: spit acid, acid resistance, unfitting armour, clumsy 2, low mp 1,
cold-blooded, AC +7
a: Spit Acid, Renounce Religion


You were on level 9 of the Dungeon.
You worshipped Ru.
Ru was aware of your devotion.
You were hungry.

You visited 1 branch of the dungeon, and saw 9 of its levels.

You collected 517 gold pieces.

Inventory:

Hand Weapons
 d - a +2 short sword of venom
 m - a +0 trident
 z - a +2 dagger of freezing
 A - a +2 falchion of holy wrath
 G - a +2 short sword of protection
 P - a +0 spear of venom (weapon)
Missiles
 k - 5 poisoned tomahawks (quivered)
Armour
 g - a +0 pair of gloves (worn)
 l - a +0 cloak (worn)
 u - a +2 hat (worn)
 E - a +0 shield
 O - a +0 pair of gloves
Magical Staves
 D - an uncursed staff of wizardry
 F - an uncursed staff of summoning
Jewellery
 o - a +4 ring of strength (right hand)
 K - a +2 ring of intelligence (left hand)
Wands
 c - a wand of disintegration (21)
 r - a wand of confusion (17)
 x - a wand of heal wounds (2)
 C - a wand of flame (25)
 J - a wand of paralysis (14)
 Q - a wand of enslavement (10)
Scrolls
 f - 12 scrolls of identify
 i - 6 scrolls of teleportation
 j - 2 scrolls of fear {unknown}
 n - a scroll of magic mapping
 q - a scroll of enchant weapon {unknown}
 s - 4 scrolls of immolation
 y - 2 scrolls of amnesia {unknown}
 B - 5 scrolls of remove curse
 H - 2 scrolls of recharging {unknown}
 I - a scroll of blinking
Potions
 v - 2 potions of lignification
 M - a potion of flight
Books
 a - a book of Frost

   Spells                             Type                      Level
   a - Freeze                         Ice                          1
   b - Throw Frost                    Conjuration/Ice              2
   c - Ozocubu's Armour               Charms/Ice                   3
   d - Throw Icicle                   Conjuration/Ice              4
   e - Summon Ice Beast               Ice/Summoning                4
   f - Condensation Shield            Ice                          4
 e - a book of the Earth

   Spells                             Type                      Level
   a - Leda's Liquefaction            Hexes/Earth                  4
   b - Bolt of Magma                  Conjuration/Fire/Earth       5
   c - Statue Form                    Transmutation/Earth          6
   d - Iron Shot                      Conjuration/Earth            6
   e - Shatter                        Earth                        9
 w - a book of Conjurations

   Spells                             Type                      Level
   a - Magic Dart                     Conjuration                  1
   b - Searing Ray                    Conjuration                  2
   c - Dazzling Spray                 Conjuration/Hexes            3
   d - Fulminant Prism                Conjuration/Hexes            4
   e - Iskenderun's Mystic Blast      Conjuration                  4
   f - Iskenderun's Battlesphere      Conjuration/Charms           5
Comestibles
 b - 5 bread rations
 h - 5 meat rations
 t - 5 chunks of flesh
 L - a royal jelly
 N - 8 slices of pizza


   Skills:
 - Level 1.7(0.4) Dodging
 - Level 1.7(0.4) Stealth
 + Level 8.3(6.8) Spellcasting
 - Level 1.0(0.0) Conjurations
 * Level 12.3(10.5) Ice Magic


You had 14 spell levels left.
You knew the following spells:

 Your Spells              Type           Power        Failure   Level  Hunger
a - Freeze                Ice            ####         1%          1    None
b - Ozocubu's Armour      Chrm/Ice       ####....     4%          3    ##.....
c - Dazzling Spray        Conj/Hex       #.......     34%         3    ##.....
d - Summon Ice Beast      Ice/Summ       ####....     17%         4    ####...


Dungeon Overview and Level Annotations

Branches:
Dungeon (9/15)             Temple (0/1) D:7             Orc (0/4) D:9
   Lair: D:8-11

Altars:
Cheibriados
Dithmenos
Gozag
Makhleb
Okawaru
Ru
Vehumet
Yredelemnul
The Shining One


Innate Abilities, Weirdness & Mutations

You can spit globs of acid.
You are resistant to acid.
Your golden yellow scales are hard (AC +7).
Your body does not fit into most forms of armour.
You are very clumsy. (Dex -4)
Your magical capacity is low (-10% MP).
You are cold-blooded and may be slowed by cold attacks.


Message History

* * * LOW HITPOINT WARNING * * *
The troll claws you but does no damage. The troll claws you.
* * * LOW HITPOINT WARNING * * *
The kobold throws a stone.
The stone hits the kobold but does no damage.
The troll closely misses you. The troll barely misses you.
The troll closely misses you.
You swap places.
You feel sick.
The troll closely misses your ice beast. x2
The troll claws your ice beast!
Your ice beast hits the troll but does no damage.
The troll bites your ice beast!
Your ice beast dies!
There is an open door here.
Casting: Summon Ice Beast
Confirm with . or Enter, or press ? or * to list all spells.
A chill wind blows around you.
The troll shouts!
The troll closely misses you. The troll claws you!
You die...

####### ########## .......>.
...$..... #.....##.######
#.......
#............Y#########(......
#...).......(@TK(K(KKK....(...
.............#########....$..
#...........# #.......
#...........# ....#####
######.......#### ......#
#........)...# ........
#............# ####....#
#.......###### #....#
#.......####


You could see a troll, 4 kobolds and a friendly ice beast.

Vanquished Creatures
  The ghost of Grivan the Cleaver, a novice HuWn of Trog (D:8)
  Pikel (D:6)
  An ugly thing (D:8)
  A spriggan (D:8)
  A hungry ghost (D:7)
  Menkaure (D:6)
  5 orc warriors
  3 ice beasts
  An ogre (D:4)
  2 scorpions
  A centaur (D:5)
  Blork the orc (D:6)
  3 giant frogs
  A big kobold (D:7)
  Dowan (D:6)
  A wyvern skeleton (D:9)
  8 wights
  8 hounds
  2 jellies
  An orc priest (D:7)
  Crazy Yiuf (D:2)
  A giant frog skeleton (D:4)
  A crimson imp (D:7)
  4 orc wizards
  Jessica (D:3)
  A centaur skeleton (D:4)
  3 worker ants
  3 iguanas
  A hound skeleton (D:6)
  A worker ant zombie (D:6)
  Robin (D:2)
  6 gnolls
  7 adders
  2 shadow imps
  6 adder skeletons
  An adder zombie (D:5)
  2 worms
  35 orcs
  A ball python (D:4)
  3 bats
  9 giant cockroaches
  10 hobgoblins
  9 jackals
  3 quokkas
  7 giant geckos
  A giant gecko zombie (D:6)
  5 giant newts
  13 goblins
  6 kobolds
  A quokka zombie (D:8)
  3 rats (D:2)
192 creatures vanquished.

Vanquished Creatures (collateral kills)
  A hungry ghost (D:9)
  Duvessa (D:6)
  A phantom (D:7)
  A scorpion (D:7)
  An adder (D:6)
  A gnoll (D:9)
  3 orcs (D:7)
  3 jackals (D:7)
  A kobold (D:7)
13 creatures vanquished.

Vanquished Creatures (others)
  A slave (D:6)
  A big kobold (D:9)
2 creatures vanquished.

Grand Total: 207 creatures vanquished

Notes
Turn   | Place    | Note
--------------------------------------------------------------
     0 | D:1      | zxpr0jk the Draconian Ice Elementalist began the quest for the Orb.
     0 | D:1      | Reached XP level 1. HP: 14/14 MP: 3/3
   236 | D:1      | Reached XP level 2. HP: 15/20 MP: 5/5
   492 | D:2      | Noticed Robin
   497 | D:2      | Reached XP level 3. HP: 19/26 MP: 7/7
   527 | D:2      | Killed Robin
   527 | D:2      | Reached skill level 4 in Ice Magic
   850 | D:2      | Learned a level 3 spell: Ozocubu's Armour
  1093 | D:2      | Noticed Crazy Yiuf
  1098 | D:2      | Killed Crazy Yiuf
  1098 | D:2      | Reached XP level 4. HP: 33/33 MP: 3/8
  1628 | D:3      | Noticed Jessica
  1637 | D:3      | Killed Jessica
  1749 | D:3      | Found a radiant altar of Vehumet.
  1838 | D:3      | Reached XP level 5. HP: 36/38 MP: 5/9
  1870 | D:3      | Reached skill level 5 in Ice Magic
  2185 | D:4      | Noticed an ogre
  2197 | D:4      | Killed an ogre
  2197 | D:4      | Reached skill level 6 in Ice Magic
  2197 | D:4      | Reached XP level 6. HP: 40/45 MP: 8/11
  3009 | D:5      | Entered Level 5 of the Dungeon
  3053 | D:5      | Learned a level 3 spell: Dazzling Spray
  3058 | D:5      | Learned a level 4 spell: Summon Ice Beast
  3103 | D:5      | Found a sacrificial altar of Ru.
  3120 | D:5      | Became a worshipper of Ru the Awakened
  3445 | D:5      | Your scales start taking on a golden yellow colour.
  3445 | D:5      | Reached XP level 7. HP: 33/50 MP: 13/13
  3528 | D:5      | Found a basalt altar of Yredelemnul.
  3528 | D:5      | Found a glowing golden altar of the Shining One.
  3529 | D:5      | Found a snail-covered altar of Cheibriados.
  3827 | D:6      | Reached skill level 7 in Ice Magic
  4003 | D:6      | Noticed Duvessa
  4004 | D:6      | Noticed Dowan
  4013 | D:6      | Killed Duvessa
  4020 | D:6      | Killed Dowan
  4084 | D:6      | Reached skill level 5 in Spellcasting
  4084 | D:6      | Reached skill level 8 in Ice Magic
  4544 | D:6      | Noticed Blork the orc
  4558 | D:6      | Killed Blork the orc
  4558 | D:6      | Reached XP level 8. HP: 29/57 MP: 12/15
  4590 | D:6      | Noticed Menkaure
  4610 | D:6      | Killed Menkaure
  4624 | D:6      | Gained mutation: Your magical capacity is low (-10% MP). [Ru sacrifice]
  4773 | D:6      | Found a sacrificial altar of Ru.
  5127 | D:6      | Reached skill level 9 in Ice Magic
  5347 | D:6      | Noticed Pikel
  5357 | D:6      | Killed Pikel
  5657 | D:6      | Found an iron altar of Okawaru.
  5658 | D:6      | Found a burning altar of Makhleb.
  6138 | D:7      | Reached skill level 10 in Ice Magic
  6146 | D:7      | Reached XP level 9. HP: 54/62 MP: 14/16
  6489 | D:7      | Found a staircase to the Ecumenical Temple.
  7049 | D:7      | Gained mutation: You are clumsy. (Dex -2) [Ru sacrifice]
  7049 | D:7      | Reached * piety under Ru
  7205 | D:8      | Noticed Grivan's ghost (novice HuWn)
  7209 | D:8      | Noticed a purple ugly thing
  7224 | D:8      | Killed Grivan's ghost
  7224 | D:8      | Reached skill level 11 in Ice Magic
  7226 | D:8      | Killed a purple ugly thing
  7230 | D:8      | Gained mutation: You are very clumsy. (Dex -4) [mutagenic meat]
  7532 | D:8      | Found an opulent altar of Gozag.
  8060 | D:8      | Reached XP level 10. HP: 57/69 MP: 12/19
  8258 | D:8      | Reached skill level 12 in Ice Magic
  8653 | D:9      | Found a shadowy altar of Dithmenos.
  8825 | D:9      | Found a staircase to the Orcish Mines.
  9101 | D:9      | Mangled by a troll

Action                   |  1- 3 |  4- 6 |  7- 9 | 10-12 || total
-------------------------+-------+-------+-------+-------++-------
Melee: Dagger            |    22 |       |    14 |       ||    36
       Unarmed           |     1 |       |       |       ||     1
       Short sword       |    71 |   148 |   317 |    59 ||   595
       Falchion          |       |       |    76 |    39 ||   115
       Trident           |       |       |     3 |       ||     3
       Spear             |       |       |       |    72 ||    72
Throw: Tomahawk          |       |     4 |     5 |       ||     9
 Cast: Freeze            |     2 |    10 |    15 |     3 ||    30
       Ozocubu's Armour  |     1 |     5 |    19 |     7 ||    32
       Summon Ice Beast  |       |       |    11 |     5 ||    16
       Dazzling Spray    |       |       |       |     1 ||     1
Invok: Sacrifice Essence |       |       |     1 |       ||     1
       Sacrifice Purity  |       |       |     1 |       ||     1
 Abil: Spit Acid         |       |       |     7 |     1 ||     8
  Use: Potion            |       |     4 |     5 |     1 ||    10
       Scroll            |       |     7 |       |     2 ||     9
 Stab: Sleeping          |     4 |     6 |     5 |       ||    15
  Eat: Chunk             |       |     9 |    15 |     6 ||    30
       Royal jelly       |       |       |     1 |       ||     1
       Bread ration      |       |       |     1 |       ||     1
       Pizza             |       |       |     1 |       ||     1
